AoeStats
← Mitch

Glade

510667236Analyzed
1v1 RM · 13h ago on Oct 2, 2026· 50m 47s· 2 players
Game mode
Random Map
Map size
Tiny (2 player)
Population
200
Speed
Normal
Resources
Standard
Victory
Conquest
Starting age
Dark Age
Ending age
Imperial Age
RankedLock teamsTeams togetherTeam positionsShared explorationLock speedFull tech treeHidden civsTurbo modeCheats
Victory
Defeat
🇺🇸 Saxons · United States
1513
+17
🇦🇷 Japanese · Argentina
1534
-17
Mitch
6:02 Loom
9:16 Feudal Age
8:47 Loom
9:56 Double-Bit Axe
19:11 Castle Age
18:24 Fletching
19:55 Bodkin Arrow
19:21 Crossbowman
20:44 Gold Mining
21:16 Bow Saw
23:22 Ballistics
23:12 Horse Collar
24:28 Padded Archer Armor
24:42 Guard Tower
26:10 Wheelbarrow
27:02 Masonry
32:49 Hand Cart
36:06 Imperial Age
34:05 Treadmill Crane
34:39 Town Watch
35:24 Scale Mail Armor
35:40 Thumb Ring
36:15 Murder Holes
36:53 Bracer
38:22 Chemistry
43:50 Gold Shaft Mining
44:14 Conscription
43:24 Elite Skirmisher
45:18 Leather Archer Armor
47:01 Ring Archer Armor
50:07 Arbalester
Charly
6:55 Loom
10:10 Feudal Age
10:17 Man-at-Arms
12:14 Double-Bit Axe
18:44 Castle Age
17:06 Horse Collar
18:11 Padded Archer Armor
18:38 Fletching
18:43 Gold Mining
19:37 Bodkin Arrow
19:23 Crossbowman
25:49 Bow Saw
32:40 Stone Mining
33:44 Ballistics
35:09 Wheelbarrow
36:49 Thumb Ring
40:31 Imperial Age
41:20 Leather Archer Armor
41:15 Bracer
42:17 Chemistry
42:33 Arbalester
45:18 Ring Archer Armor
45:33 Capped Ram
Connection lost

Rejoining the realm…

Still unreachable

The connection could not be restored.

Session expired

The server has moved on; the page needs a fresh start.